 Dungeon Crawl Stone Soup version 0.27-a0-1559-g299f9947c5 (webtiles) character file.

Game seed: 11496187687974232718

1401 FollowTheCloud the Covert (level 8, -6/36 HPs)
             Began as a Spriggan Enchanter on July 16, 2021.
             Was a Follower of Sif Muna.
             Killed by divine providence
             ... invoked by an orc priest
              (8 damage)
             ... on level 5 of the Dungeon.
             The game lasted 00:21:01 (6445 turns).

FollowTheCloud the Covert (Spriggan Enchanter)      Turns: 6445, Time: 00:21:02

Health: -6/36      AC:  2    Str:  4    XL:     8   Next: 41%
Magic:  16/16      EV: 20    Int: 18    God:    Sif Muna [*.....]
Gold:   233        SH:  0    Dex: 16    Spells: 7/16 levels left

rFire    . . .     SeeInvis +   j - +1 short sword (venom)
rCold    . . .     Faith    .   (shield restricted)
rNeg     . . .     Spirit   .   b - +0 robe
rPois    .         Reflect  .   (helmet restricted)
rElec    .         Harm     .   (no cloak)
rCorr    .         Rampage  .   (gloves unavailable)
Will     +....                  (boots unavailable)
Stlth    ++++......             (no amulet)
HPRegen  0.12/turn              (no ring)
MPRegen  0.15/turn              (no ring)

@: very quick
A: very small, no large weapons, unfitting armour, see invisible, speed 3
a: Renounce Religion, Channel Magic


You were on level 5 of the Dungeon.
You worshipped Sif Muna.
Sif Muna was aware of your devotion.
You visited 2 branches of the dungeon, and saw 7 of its levels.
You also visited: Ossuary.

You collected 233 gold pieces.

Inventory:

Hand Weapons
 a - a +1 dagger
 j - a +1 short sword of venom (weapon)
Missiles
 c - 9 silver boomerangs (quivered)
Armour
 b - a +0 robe (worn)
Wands
 m - a wand of flame (22)
Scrolls
 d - 2 scrolls of teleportation {unknown}
 e - 10 scrolls of identify {unknown}
 f - 3 scrolls of enchant weapon {unknown}
 i - 3 scrolls of fear {unknown}
 p - a scroll of enchant armour {unknown}
 q - a scroll of blinking {unknown}
 s - a scroll of holy word {unknown}
 t - a scroll of summoning {unknown}
 u - a scroll of noise {unknown}
Potions
 g - 2 potions of degeneration {unknown}
 h - 2 potions of attraction {unknown}
 k - 2 potions of lignification {unknown}
 l - a potion of heal wounds {unknown}
 n - 2 potions of curing {unknown}
 o - a potion of might {unknown}
 r - a potion of ambrosia {unknown}


   Skills:
 + Level 5.2 Short Blades
 + Level 6.7 Dodging
 + Level 9.4 Stealth
 + Level 4.8 Spellcasting
 + Level 6.7 Hexes


You had 7 spell levels left.
You knew the following spells:

 Your Spells              Type           Power      Damage    Failure   Level
a - Corona                Hex            31%        N/A       1%          1
b - Ensorcelled Hibernat  Hex/Ice        32%        N/A       4%          2
c - Confusing Touch       Hex            28%        N/A       2%          3
d - Tukima's Dance        Hex            28%        N/A       2%          3

Your spell library contained the following spells:

 Spells                   Type           Power      Damage    Failure   Level
 Dazzling Flash           Conj/Hex       32%        N/A       10%         3
 Inner Flame              Hex/Fire       16%        N/A       10%         3
 Portal Projectile        Hex/Tloc       32%        N/A       10%         3
 Summon Guardian Golem    Hex/Summ       16%        N/A       10%         3
 Animate Skeleton         Necr           8%         N/A       14%         1
 Apportation              Tloc           8%         N/A       14%         1
 Foxfire                  Conj/Fire      16%        2x1d4     14%         1
 Summon Small Mammal      Summ           16%        N/A       14%         1
 Call Canine Familiar     Summ           4%         N/A       38%         3
 Conjure Flame            Conj/Fire      4%         6-21      38%         3
 Mephitic Cloud           Conj/Pois/Air  4%         N/A       38%         3
 Summon Mana Viper        Hex/Summ       16%        N/A       67%         5
 Alistair's Intoxication  Tmut/Pois      2%         N/A       98%         5


Dungeon Overview and Level Annotations

Branches:
Dungeon (6/15)             Temple (1/1) D:5         Ossuary (visited)

Altars:
Ashenzari
Cheibriados
Dithmenos
Elyvilon
Fedhas
Gozag
Hepliaklqana
Makhleb
Nemelex Xobeh
Qazlal
Ru
Sif Muna
Trog
Vehumet
Yredelemnul
Zin
The Shining One

Shops:
D:5 ?

Annotations:
D:3 1 runed translucent door, Morbidden's ghost, amateur DsTm


Innate Abilities, Weirdness & Mutations

You are very small and have problems with some larger weapons.
You are too small for most types of armour.
You have supernaturally acute eyesight. (SInv)
You cover ground extremely quickly. (Speed+++)


Message History

The killer bee is heavily wounded.
The killer bee closely misses you. The killer bee barely misses you.
You closely miss the killer bee.
The killer bee is severely wounded.
The killer bee stings you! The killer bee barely misses you.
You kill the killer bee!
Sif Muna accepts your kill.
You start resting.
Magic restored.
You now have 233 gold pieces (gained 18).
HP restored.
You see here a +0 helmet.
u - a scroll labelled ANOYQY TANAYCO You open the door.
There is an open door here.
You open the door.
There is an open door here.
You open the door.
There is an open door here.
You open the door.
There is an open door here.
There is an open door here.
There are monsters nearby!
The orc shouts! x2; The orc priest shouts!
The orc priest mumbles some strange prayers to Beogh against you.
Beogh smites you!
The orc priest shouts!
You hear an angry buzzing noise.
The orc priest begins to cast a cantrip, but forgets the words!
The orc priest invokes the aid of Beogh against you.
Beogh smites you!
The orc priest calls down the wrath of Beogh upon you.
Beogh smites you!
* * * LOW HITPOINT WARNING * * *
You hear an angry buzzing noise.
A scorpion comes into view.
The orc priest invokes the aid of Beogh against you.
Beogh smites you!
You die...

#.#########.###..#
##.#..#..###.###..#
#.........#.......'
+.........'.......#
#......<..#.......#
########........#...##..#
##.....##...##...##..###+#
#.......'...##...##..## +
#.......#@.........)..# #
#########.............# #
.....##............##
..........##+####..# ##
..........##..####'##...
.....##.o.o...#.........
..... #.oo....#....##..#
.... s....#..##...## ##
... ##....#..##....#


You could see a scorpion, 2 orc priests and 2 orcs.

Vanquished Creatures
  Eustachio (D:4)
  Edmund (D:4)
  2 ogres (D:4)
  A centaur (D:5)
  A necrophage (D:4)
  A scorpion (D:4)
  4 water moccasin zombies (Ossuary)
  5 killer bees
  A hound (D:5)
  An orc priest (D:4)
  An iguana (D:5)
  An orc wizard (D:4)
  A hound skeleton (D:4)
  2 mummies (Ossuary)
  A river rat (D:3)
  4 adders
  An ufetubus (D:5)
  3 adder zombies (Ossuary)
  5 worms
  3 dart slugs (D:2)
  5 orcs
  5 ball pythons
  7 bats
  6 endoplasms
  2 giant cockroaches
  3 goblins
  6 hobgoblins
  7 jackals
  5 kobolds
  3 quokkas
  3 frilled lizards
  2 gnoll zombies (Ossuary)
  A goblin zombie (D:5)
  6 hobgoblin zombies (Ossuary)
  4 kobold zombies (Ossuary)
  2 orc zombies (Ossuary)
  A quokka zombie (D:5)
  7 rats
115 creatures vanquished.

Notes
Turn   | Place    | Note
-------+----------+-------------------------------------------
     0 | D:1      | FollowTheCloud the Spriggan Enchanter began the quest for
                  | the Orb.
     0 | D:1      | Reached XP level 1. HP: 9/9 MP: 5/5
   452 | D:1      | Reached XP level 2. HP: 13/13 MP: 6/6
   710 | D:1      | Found a radiant altar of Vehumet.
   845 | D:2      | Learned a level 2 spell: Ensorcelled Hibernation
   851 | D:2      | Reached skill level 5 in Stealth
  1172 | D:2      | Reached XP level 3. HP: 16/16 MP: 0/8
  2153 | D:2      | Reached XP level 4. HP: 21/21 MP: 9/9
  2170 | D:2      | Got the Incunabulum of Spores
  2423 | D:3      | Found a sparkling altar of Nemelex Xobeh.
  2439 | D:3      | Reached skill level 6 in Stealth
  2523 | D:3      | Learned a level 3 spell: Confusing Touch
  2524 | D:3      | Found a runed translucent door.
  2527 | D:3      | Noticed Morbidden's ghost (amateur DsTm)
  2564 | D:3      | Found a runed translucent door.
  2794 | D:3      | Found a shadowy altar of Dithmenos.
  2959 | D:3      | Found a sacrificial altar of Ru.
  3778 | D:4      | Reached XP level 5. HP: 24/24 MP: 10/10
  3812 | D:4      | Noticed a necrophage
  4036 | D:4      | Found a radiant altar of Vehumet.
  4037 | D:4      | Found a broken altar of Ashenzari.
  4037 | D:4      | Noticed Edmund
  4045 | D:4      | Killed Edmund
  4046 | D:4      | Reached skill level 7 in Stealth
  4046 | D:4      | Reached XP level 6. HP: 19/28 MP: 8/11
  4223 | D:4      | Reached skill level 8 in Stealth
  4223 | D:4      | Reached skill level 5 in Hexes
  4336 | D:4      | Noticed Eustachio
  4365 | D:4      | Reached skill level 5 in Dodging
  4365 | D:4      | Reached XP level 7. HP: 22/32 MP: 7/12
  4495 | D:4      | Killed Eustachio
  5018 | D:5      | Entered Level 5 of the Dungeon
  5044 | D:5      | Found a blossoming altar of Fedhas.
  5068 | D:5      | Found Yturuoc's Magic Scroll Emporium.
  5171 | D:6      | Found an opulent altar of Gozag.
  5220 | D:5      | Found a staircase to the Ecumenical Temple.
  5225 | Temple   | Entered the Ecumenical Temple
  5348 | Temple   | Became a worshipper of Sif Muna the Loreminder
  5434 | D:5      | Reached XP level 8. HP: 34/36 MP: 12/15
  5466 | D:5      | Found a sand-covered staircase.
  5485 | Ossuary  | Entered an ossuary
  5757 | Ossuary  | Reached skill level 9 in Stealth
  5803 | Ossuary  | Learned a level 3 spell: Tukima's Dance
  5858 | Ossuary  | Reached * piety under Sif Muna
  5884 | Ossuary  | Reached skill level 5 in Short Blades
  6445 | D:5      | Killed from afar by an orc priest

Illustrated notes

Levels and vault maps discovered:
D:1:      dpeg_arrival_lava_altar, layout_loops_cross, serial_bayou_ford_a
D:2:      layout_loops_ring, grunt_ministairs_13, minmay_misc_feat_hallway,
          hangedman_decor_points, minmay_tromino_mix6
D:3:      layout_loops_cross, mainiacjoe_overflow_catwalk,
          mainiacjoe_overflow_tiny_flanked, nicolae_ru_the_path_less_chosen,
          ebering_ghost_sewer_f
D:4:      layout_loops_corners, gammafunk_temple_overflow_pools, st_stairs_11,
          small_statue_intersection, uniq_eustachio, uniq_edmund
D:5:      layout_gridville, overflow_temple_1_default,
          minmay_temple_entry_arrows, serial_shops, nicolae_stop_n_shop_1,
          enter_ossuary_4, minivault_4
D:6:      layout_loops_ring, mainiacjoe_overflow_small_starburst, serial_shops,
          kennysheep_little_box, grunt_decor_one_mirror
Temple:   compressed_dpeg_circular_temple

Skill      XL: |  1  2  3  4  5  6  7  8 |
---------------+-------------------------+-----
Dodging        | 3 4 5 6 |  6.7
Stealth        | 5 6 7 8 9 |  9.4
Hexes          | 4 5 6 |  6.7
Short Blades   | 2 3 4 5 |  5.2
Spellcasting   | 4 |  4.8

Action                   |  1- 3 |  4- 6 |  7- 9 || total
-------------------------+-------+-------+-------++-------
Melee: Dagger            |    89 |       |       ||    89
       Short sword       |    27 |    87 |   171 ||   285
 Cast: Corona            |     4 |     1 |     1 ||     6
       Ensorcelled Hiber |    22 |     9 |    14 ||    45
       Confusing Touch   |       |     2 |    10 ||    12
 Stab: Sleeping          |    20 |    14 |    18 ||    52
       Confused          |       |     2 |     7 ||     9
       Distracted        |       |       |     1 ||     1
Armor: Robe              |    21 |     2 |    12 ||    35
Dodge: Dodged            |    91 |    60 |   118 ||   269

Table legend: (Time is in decaauts)
 A = Elapsed time spent in this place.
 B = Non-inter-level travel time spent in this place.
 C = Inter-level travel time spent in this place.
 D = Time resting spent in this place.
 E = Time spent auto-exploring this place.
 F = Levels seen in this place.
 G = Mean time per level.
                   A        B        C        D        E       F      G
               +--------+--------+--------+--------+--------+-----+--------+
         Total |   4943 |   4856 |     87 |   1655 |   1753 |   8 |  617.9 |
       Dungeon |   4178 |   4091 |     87 |   1248 |   1753 |   6 |  696.3 |
        Temple |     95 |     95 |      0 |      0 |      0 |   1 |   95.0 |
       Ossuary |    670 |    670 |      0 |    406 |      0 |   1 |  670.0 |
               +--------+--------+--------+--------+--------+-----+--------+

Top non-repeatable levels by time:
     D:2: 1566 daAuts
     D:4: 1211 daAuts
 Ossuary: 670 daAuts
     D:3: 541 daAuts
     D:1: 489 daAuts
     D:5: 290 daAuts
  Temple: 95 daAuts
     D:6: 80 daAuts
